 Dungeon Crawl Stone Soup version 0.25.0-9-g26727b657a (webtiles) character file.

Game seed: 2331597599665237725

1015 dorian the Covert (level 8, -4/52 HPs)
             Began as an Octopode Monk on June 19, 2020.
             Slain by Prince Ribbit (11 damage)
             ... on level 5 of the Dungeon.
             The game lasted 00:08:37 (5554 turns).

dorian the Covert (Octopode Monk)                   Turns: 5554, Time: 00:08:37

Health: -4/52      AC:  1    Str: 10    XL:     8   Next: 21%
Magic:  8/8        EV: 14    Int: 13    God:
Gold:   184        SH:  0    Dex: 16    Spells: 7/7 levels left

rFire    . . .     SeeInvis .     - Unarmed
rCold    . . .     Gourm    .   (no shield)
rNeg     . . .     Faith    .   (helmet restricted)
rPois    .         Spirit   .   (no amulet)
rElec    .         Reflect  .   (no ring)
rCorr    .         Harm     .   (no ring)
MR       .....                  (no ring)
Stlth    +++.......             (no ring)
HPRegen  0.17/turn              (no ring)
MPRegen  0.11/turn              (no ring)
                                (no ring)
                                (no ring)

@: confused, brilliant, studying Axes
A: almost no armour, stealthy swim, amphibious, 8 rings, constrict 8, camouflage
1, gelatinous body 1
a: no special abilities


You were on level 5 of the Dungeon.
You were near starving.

You visited 1 branch of the dungeon, and saw 5 of its levels.

You collected 184 gold pieces.

Inventory:

Jewellery
 k - a cursed ring of ice
Scrolls
 b - a scroll of remove curse {unknown}
 c - 4 scrolls of identify {unknown}
 f - 3 scrolls of enchant armour {unknown}
 g - 6 scrolls of teleportation {unknown}
 h - a scroll of fog {unknown}
 i - a scroll of amnesia {unknown}
 m - a scroll of enchant weapon {unknown}
Potions
 l - a potion of cancellation {unknown}
Books
 j - a manual of Axes
Comestibles
 a - 5 rations


   Skills:
 - Level 3.0 Fighting
 - Level 3.0 Dodging
 + Level 9.7 Stealth
 + Level 7.2 Unarmed Combat


You had 7 spell levels left.
You didn't know any spells.
Your spell library was empty.

Dungeon Overview and Level Annotations

Branches:
Dungeon (5/15)
 Temple: D:4-7

Altars:
Ashenzari
Elyvilon
Kikubaaqudgha
Ru
Xom
The Shining One

Annotations:
D:2 Sigmund
D:5 Prince Ribbit


Innate Abilities, Weirdness & Mutations

You cannot wear most types of armour.
You are very stealthy in the water. (Stealth+)
You are amphibious.
You can wear up to eight rings at the same time.
You can use your tentacles to constrict eight enemies at once.
Your skin changes colour to match your surroundings (Stealth+).
Your rubbery body absorbs attacks. (AC +1, EV +1)


Message History

The ogre hits you with a +0 giant club!!
* * * LOW HITPOINT WARNING * * *
You bludgeon the ogre!
You kill the ogre!
Prince Ribbit hits you but does no damage.
You tentacle-slap Prince Ribbit. Your grab misses Prince Ribbit.
You squeeze Prince Ribbit.
Prince Ribbit is moderately wounded.
Prince Ribbit hits you!
* * * LOW HITPOINT WARNING * * *
Sorry, you're not good enough to have a special ability.
Unknown command.
Unknown command.
It was a potion of brilliance.
You feel clever all of a sudden. Prince Ribbit barely misses you.
It was a potion of ambrosia.
You are confused.
You feel invigorated. Prince Ribbit barely misses you. Prince Ribbit hits you!
You die...

#####
..... #.##
....###
#...
#<#...
####
#.#.!# #<
#F#..## #.
# #@#...
#.
#.##.#.#.#
#.
#......#.#
#.
#.##.###.#
## # #.#
#.##.# #.#
#.##.# #.#
#.##.#
######
#.###..#.#
#....(
#........#
#.####


You could see Prince Ribbit.

Vanquished Creatures
  An ice beast (D:5)
  2 ogres
  A bullfrog (D:2)
  3 scorpions
  2 howler monkeys
  4 orc priests (D:4)
  3 orc wizards (D:4)
  2 worker ants (D:4)
  Robin (D:2)
  A gnoll (D:4)
  4 adders
  A white imp (D:4)
  An adder skeleton (D:4)
  A dart slug (D:1)
  4 worms
  4 leopard geckos
  21 orcs
  4 giant cockroaches
  15 goblins
  8 hobgoblins
  7 jackals
  12 kobolds
  A quokka (D:4)
  A ball python (D:2)
  8 bats
  A goblin skeleton (D:4)
  2 goblin zombies (D:4)
  A hobgoblin zombie (D:4)
  2 kobold skeletons (D:4)
  A kobold zombie (D:4)
  A leopard gecko skeleton (D:5)
  An orc skeleton (D:4)
  10 rats
131 creatures vanquished.

Notes
Turn   | Place    | Note
-------+----------+-------------------------------------------
     0 | D:1      | dorian the Octopode Monk began the quest for the Orb.
     0 | D:1      | Reached XP level 1. HP: 16/16 MP: 1/1
   186 | D:1      | Reached skill level 3 in Stealth
   310 | D:1      | Reached XP level 2. HP: 21/21 MP: 2/2
   896 | D:2      | Reached XP level 3. HP: 14/26 MP: 3/3
  1024 | D:2      | Reached skill level 4 in Stealth
  1041 | D:2      | Noticed Robin
  1298 | D:2      | Noticed a bullfrog
  1303 | D:2      | Killed a bullfrog
  1303 | D:2      | Reached skill level 5 in Stealth
  1303 | D:2      | Reached XP level 4. HP: 23/31 MP: 4/4
  1439 | D:2      | Reached XP level 5. HP: 34/36 MP: 5/5
  1907 | D:2      | Killed Robin
  2235 | D:2      | Noticed Sigmund
  2638 | D:3      | Reached skill level 6 in Stealth
  2922 | D:4      | Found a glowing golden altar of the Shining One.
  2950 | D:4      | Reached skill level 5 in Unarmed Combat
  2950 | D:4      | Reached XP level 6. HP: 25/42 MP: 6/6
  3119 | D:4      | Noticed a troll
  3243 | D:4      | Found a shimmering altar of Xom.
  3244 | D:4      | Found an ancient bone altar of Kikubaaqudgha.
  3260 | D:4      | Reached skill level 7 in Stealth
  3295 | D:4      | Found a shattered altar of Ashenzari.
  3296 | D:4      | Found a sacrificial altar of Ru.
  3297 | D:4      | Found a white marble altar of Elyvilon.
  3455 | D:4      | Reached XP level 7. HP: 46/46 MP: 7/7
  3468 | D:4      | HP: 1/46 [orc priest/+0 flail (11)]
  4368 | D:4      | Reached skill level 8 in Stealth
  5140 | D:5      | Entered Level 5 of the Dungeon
  5169 | D:5      | Reached skill level 9 in Stealth
  5273 | D:5      | Reached XP level 8. HP: 14/52 MP: 8/8
  5547 | D:5      | Noticed Prince Ribbit
  5552 | D:5      | HP: 2/52 [Prince Ribbit (8)]
  5554 | D:5      | Slain by Prince Ribbit

Illustrated notes

Levels and vault maps discovered:
D:1:      giann_forest_graveyard, layout_basic
D:2:      layout_basic, first_ration, uniq_robin, uniq_sigmund
D:3:      layout_rooms
D:4:      layout_loops_corners, grunt_temple_overflow_open,
          nicolae_tso_besieged_by_evil, minmay_misc_feat_square,
          minmay_manual_mandibuliform
D:5:      lemuel_upstairs_altar, layout_basic, serial_shops, shop,
          portal_sewer_entry_a, uniq_prince_ribbit1

Skill      XL: |  1  2  3  4  5  6  7  8 |
---------------+-------------------------+-----
Stealth        | 3 5 6 7 9 |  9.7
Unarmed Combat | 4 5 6 7 |  7.2
Fighting       | |  3.0
Dodging        | |  3.0

Action                   |  1- 3 |  4- 6 |  7- 9 || total
-------------------------+-------+-------+-------++-------
Melee: Unarmed           |    73 |   168 |   112 ||   353
       Constrict         |    21 |    49 |    16 ||    86
       Tentacles         |    10 |    42 |    17 ||    69
       Punch             |     1 |     6 |     6 ||    13
  Use: Potion            |       |       |     2 ||     2
 Stab: Sleeping          |     9 |    11 |     5 ||    25
       Distracted        |     1 |     1 |       ||     2
  Eat: Chunk             |     1 |     7 |     5 ||    13
Armor: Skin              |     7 |     6 |     3 ||    16
Dodge: Dodged            |    36 |    77 |    43 ||   156
